 Dungeon Crawl Stone Soup version 0.23-a0-164-g7711e57 (webtiles) character file.

208 mhoghedin the Skirmisher (level 6, 0/38 HPs)
             Began as a Kobold Fighter on Sept 9, 2018.
             Succumbed to an adder's poison
             ... on level 1 of the Dungeon.
             The game lasted 00:02:11 (1076 turns).

mhoghedin the Skirmisher (Kobold Fighter)           Turns: 1076, Time: 00:02:12

Health: 0/38       AC:  6    Str: 15    XL:     6   Next: 11%
Magic:  6/6        EV: 10    Int: 10    God:
Gold:   53         SH:  9    Dex: 14    Spells: 5/5 levels left

rFire    . . .     SeeInvis .   a - +0 rapier
rCold    . . .     Gourm    .   c - +0 shield
rNeg     . . .     Faith    .   b - +0 scale mail
rPois    .         Spirit   .   (no helmet)
rElec    .         Reflect  .   (no cloak)
rCorr    .         Harm     .   (no gloves)
MR       .....                  (no boots)
Stlth    ..........             (no amulet)
HPRegen  0.12/turn              (no ring)
MPRegen  0.10/turn              (no ring)

@: lethally poisoned (0 -> -4), very slightly contaminated
A: small, carnivore
a: no special abilities


You were on level 1 of the Dungeon.
You were not hungry.

You visited 1 branch of the dungeon, and saw 2 of its levels.

You collected 53 gold pieces.

Inventory:

Hand Weapons
 a - a +0 rapier (weapon)
Armour
 b - a +0 scale mail (worn)
 c - a +0 shield (worn)
Scrolls
 e - a scroll of immolation {unknown}
Comestibles
 f - 2 rations


   Skills:
 + Level 4.2 Fighting
 + Level 4.2 Short Blades
 + Level 3.1 Armour
 + Level 2.6 Dodging
 + Level 3.2 Shields


You had 5 spell levels left.
You didn't know any spells.
Your spell library was empty.

Dungeon Overview and Level Annotations

Branches:
Dungeon (2/15)

Altars:


Innate Abilities, Weirdness & Mutations

You are small and have problems with some larger weapons.
You are carnivorous and can eat meat at any time.


Message History

It was a potion of heal wounds.
You feel much better.
Health restored: 24 Sigmund screams, "Die, monster!"
You bump into the rock wall.
Sigmund completely misses you.
You bump into the rock wall.
You bump into the rock wall.
You feel less confused. Sigmund barely misses you.
Sigmund hits you but does no damage.
You hit Sigmund.
Sigmund says, "Look into my eyes."
Sigmund barely misses you.
You hit Sigmund. Sigmund barely misses you.
You hit Sigmund. You closely miss Sigmund. You block Sigmund's attack.
You barely miss Sigmund.
You flicker for a moment.
Sigmund gestures at you while chanting. The puff of flame misses you.
Your shield and scale mail prevent you from hitting Sigmund.
Sigmund points at you and mumbles some strange words.
The magic dart hits you!
You take 8 damage, and have 16/24 hp.
MASSIVE DAMAGE!!
Unknown command.
You block Sigmund's attack.
Your shield and scale mail prevent you from hitting Sigmund.
Sigmund casts a spell at you. The magic dart hits you!
Your shield and scale mail prevent you from hitting Sigmund.
Sigmund barely misses you.
You barely miss Sigmund.
You flicker back into view.
Sigmund gestures at you while chanting. The magic dart hits you!
You take 5 damage, and have 12/24 hp.
MASSIVE DAMAGE!!
You closely miss Sigmund. You block Sigmund's attack.
You hit Sigmund. Sigmund hits you with a scythe.
You take 2 damage, and have 10/24 hp.
You hit Sigmund but do no damage. Sigmund barely misses you.
Your shield prevents you from hitting Sigmund.
An adder comes into view.
You closely miss Sigmund.
The adder hisses angrily.
Sigmund hits you but does no damage.
You barely miss Sigmund. You block Sigmund's attack.
You hit Sigmund. You block Sigmund's attack.
You hit Sigmund. The adder bites you.
You are poisoned.
The adder poisons you!
You take 1 damage, and have 9/24 hp.
You barely miss Sigmund.
You feel sick.
Sigmund points at you and mumbles some strange words.
The magic dart hits you!
* * * LOW HITPOINT WARNING * * *
The adder bites you but does no damage. Sigmund hits you with a scythe.
* * * LOW HITPOINT WARNING * * *
You take 4 damage, and have 5/24 hp.
Unknown command.
You hit Sigmund.
You kill Sigmund!
Your Fighting skill increases to level 4!
Your Short Blades skill increases to level 4!
Your Armour skill increases to level 3!
Your Dodging skill increases to level 2!
Your Shields skill increases to level 3!
You have reached level 4!
You have reached level 5!
You feel clever.
You have reached level 6!
Your experience leads to an increase in your attributes!
Increase (S)trength, (I)ntelligence, or (D)exterity?
You feel stronger.
You feel sick. The adder bites you.
* * * LOW HITPOINT WARNING * * *
You are more poisoned.
The adder poisons you! You block the adder's attack.
You take 1 damage, and have 4/38 hp.
MP restored: 6 Unknown command.
Things that are here:
a scythe; a robe
* * * LOW HITPOINT WARNING * * *
You feel sick.
You take 1 damage, and have 3/38 hp.
* * * LOW HITPOINT WARNING * * *
You feel sick. The adder bites you but does no damage.
You take 1 damage, and have 2/38 hp.
* * * LOW HITPOINT WARNING * * *
You feel sick.
There is a stone staircase leading up here.
You take 1 damage, and have 1/38 hp.
The adder barely misses you.
You climb upwards.
* * * LOW HITPOINT WARNING * * *
You feel sick.
There is a stone staircase leading down here.
You miss the adder.
You die...

#################################
.# .# .# ####### .# #.....# .##
#.....##### ..# #.......†.. #.##
############# #.....##### #..#
#.........S@# #.......... ##.#
#.#########.## ###.######.
##.###.## #...#######........
........# #...........#######
##......# #...#######.### #
#..###.# ##### #.....# #
#.[###.### #.#.#.# # #........#
#...#.# #.#......### #.###.#


You could see an adder.

Vanquished Creatures
  Sigmund (D:2)
  A gnoll (D:1)
  An ooze (D:1)
  3 leopard geckos (D:1)
  A ball python (D:1)
  4 bats (D:1)
  2 goblins (D:1)
  A hobgoblin (D:1)
  2 jackals (D:1)
  3 frilled lizards (D:1)
  4 kobolds (D:1)
  A rat (D:1)
24 creatures vanquished.

Notes
Turn   | Place    | Note
-------+----------+-------------------------------------------
     0 | D:1      | mhoghedin the Kobold Fighter began the quest for the Orb.
     0 | D:1      | Reached XP level 1. HP: 14/14 MP: 1/1
    92 | D:1      | Reached skill level 3 in Short Blades
    92 | D:1      | Reached XP level 2. HP: 19/19 MP: 2/2
   151 | D:1      | Reached skill level 1 in Dodging
   415 | D:1      | Reached XP level 3. HP: 22/23 MP: 3/3
  1027 | D:2      | Noticed Sigmund
  1067 | D:2      | HP: 6/24 [Sigmund/magic dart (3)]
  1068 | D:2      | Killed Sigmund
  1068 | D:2      | Reached skill level 4 in Fighting
  1068 | D:2      | Reached skill level 4 in Short Blades
  1068 | D:2      | Reached skill level 3 in Armour
  1068 | D:2      | Reached skill level 2 in Dodging
  1068 | D:2      | Reached skill level 3 in Shields
  1068 | D:2      | Reached XP level 4. HP: 6/29 MP: 4/4
  1068 | D:2      | Reached XP level 5. HP: 6/33 MP: 5/5
  1068 | D:2      | Reached XP level 6. HP: 7/38 MP: 6/6
  1071 | D:2      | HP: 2/38 [poisoned by an adder]
  1076 | D:1      | Succumbed to an adder's poison

Vault maps used:
D:1:      ncdulo_lavacross, minmay_misc_feat_room, wad_woods_river_04
D:2:      first_ration, chequers_ecumenical_altar_simple_redux, uniq_sigmund,
          uniq_natasha, uniq_jessica

Skill      XL: |  1  2  3 |
---------------+----------+-----
Short Blades   | 3 4 |  4.2
Dodging        | 1 2 |  2.6
Fighting       | 4 |  4.2
Armour         | 3 |  3.1
Shields        | 3 |  3.2

Action                   |  1- 3 |  4- 6 || total
-------------------------+-------+-------++-------
Melee: Rapier            |   118 |     1 ||   119
  Use: Potion            |     3 |       ||     3
  Eat: Chunk             |     1 |       ||     1
Armor: Scale mail        |    37 |     1 ||    38
Dodge: Dodged            |    44 |     1 ||    45
Block: Shield            |    54 |     1 ||    55

Table legend:
 A = Non-vault XP
 B = Vault XP
 C = Vault XP percentage of total XP
 D = Non-vault monster count
 E = Vault monster count
 F = Vault count percentage of total count
                 A         B        C        D         E       F
            +---------+---------+-------+---------+---------+-------
      Total |      60 |     238 |  79.9 |      23 |       1 |   4.2
            +---------+---------+-------+---------+---------+-------
        D:1 |      60 |       0 |   0.0 |      23 |       0 |   0.0
        D:2 |       0 |     238 | 100.0 |       0 |       1 | 100.0
            +---------+---------+-------+---------+---------+-------

Vault maps used:
D:1:      ncdulo_lavacross, minmay_misc_feat_room, wad_woods_river_04
D:2:      first_ration, chequers_ecumenical_altar_simple_redux, uniq_sigmund,
          uniq_natasha, uniq_jessica

Table legend:
 A = Turns spent in this place as a percentage of turns spent in the entire game.
 B = Non-inter-level travel turns spent in this place as a percentage of non-inter-level travel turns spent in the entire game.
 C = Inter-level travel turns spent in this place as a percentage of turns spent in this place.
 D = Turns resting spent in this place as a percentage of non-inter-level travel turns spent in this place.
 E = Turns spent auto-exploring this place as a percentage of non-inter-level travel turns spent in this place.
 F = Non-inter-level travel turns spent in this place divided by the number of levels of this place that you've seen.
                   A       B       C       D       E      F
               +-------+-------+-------+-------+-------+----------------------
         Total | 100.0 | 100.0 |   3.9 |  23.9 |  56.5 | 517.0
       Dungeon | 100.0 | 100.0 |   3.9 |  23.9 |  56.5 | 517.0
               +-------+-------+-------+-------+-------+----------------------

Table legend:
 A = Kills in this place as a percentage of kills in entire the game.
 B = Kills by you in this place as a percentage of kills by you in the entire game.
 C = Kills by friends in this place as a percentage of kills by friends in the entire game.
 D = Other kills in this place as a percentage of other kills in the entire game.
 E = Experience gained in this place as a percentage of experience gained in the entire game.
 F = Experience gained in this place divided by the number of levels of this place that you have seen.
                   A       B       C       D       E      F
               +-------+-------+-------+-------+-------+----------------------
         Total | 100.0 | 100.0 |   N/A |   N/A | 100.0 | 149.0
       Dungeon | 100.0 | 100.0 |   N/A |   N/A | 100.0 | 149.0
               +-------+-------+-------+-------+-------+----------------------
